[Event "Charlotte Fall IM-D 2023"]
[Site "Charlotte"]
[Date "2023.11.17"]
[Round "1.1"]
[White "Karthik, Advaith"]
[Black "Marek, Matyas"]
[Result "*"]
[ECO "A84"]
[WhiteElo "2156"]
[BlackElo "2343"]
[Annotator "RC"]
[PlyCount "43"]
[EventDate "2023.11.17"]
[EventType "tourn"]
[EventCountry "USA"]
[SourceTitle "playchess.com"]
[Source "ChessBase"]
[SourceQuality "1"]
[TimeControl "5400+30"]

1. d4 d5 2. c4 e6 3. Nc3 c6 4. e3 Nd7 5. Nf3 f5 6. Qc2 Nh6 7. Bd3 Bd6 8. O-O O-O 9. Re1 Nf6 10. Nd2 Ne4 11. Nf1 Qh4 12. g3 Qh5 13. Qe2 Qxe2 14. Rxe2 Bd7 15. f3 Nxc3 16. bxc3 Nf7 17. a4 e5 18. e4 fxe4 19. fxe4 dxe4 20. Bxe4 Rae8 21. c5 Be7 22. Rb1 *

[Event "Charlotte Fall IM-D 2023"]
[Site "Charlotte"]
[Date "2023.11.17"]
[Round "1.2"]
[White "Matta, Nicholas"]
[Black "Dukic, Zachary"]
[Result "0-1"]
[ECO "E04"]
[WhiteElo "2287"]
[BlackElo "2233"]
[Annotator "RC"]
[PlyCount "120"]
[EventDate "2023.11.17"]
[EventType "tourn"]
[EventCountry "USA"]
[SourceTitle "playchess.com"]
[Source "ChessBase"]
[SourceQuality "1"]
[TimeControl "5400+30"]

1. d4 Nf6 2. Nf3 d5 3. c4 e6 4. g3 dxc4 5. Bg2 Bb4+ 6. Bd2 a5 7. O-O O-O 8. Bxb4 axb4 9. Ne5 Nc6 10. Nxc6 bxc6 11. Bxc6 Rb8 12. a3 Bb7 13. Bxb7 Rxb7 14. axb4 Rxb4 15. Na3 Qd5 16. Rc1 h5 17. Nc2 Rxb2 18. Ne3 Qe4 19. Nxc4 Ra2 20. e3 h4 21. Ne5 Rb8 22. Qd3 h3 23. Qxe4 Nxe4 24. Nc4 Rb4 25. Ne5 Rbb2 26. Nd3 Rd2 27. Rcd1 g5 28. g4 Kg7 29. Rfe1 Rxf2 30. Nxf2 Rxf2 31. Rf1 Rg2+ 32. Kh1 Nf2+ 33. Rxf2 Rxf2 34. Rc1 Re2 35. Kg1 Rxe3 36. Kf2 Re4 37. Kf3 Rxd4 38. Rxc7 Rd3+ 39. Kf2 e5 40. Re7 Kf6 41. Re8 Ra3 42. Rb8 e4 43. Rb5 Rf3+ 44. Ke2 Rf4 45. Rb6+ Kg7 46. Rb3 Rxg4 47. Rxh3 Rh4 48. Rg3 Rxh2+ 49. Ke3 Kg6 50. Kxe4 Rf2 51. Ke3 Rf4 52. Rg2 Kf5 53. Ra2 f6 54. Ra1 Kg4 55. Rg1+ Kh3 56. Rh1+ Kg2 57. Rh6 Rf3+ 58. Ke2 g4 59. Rg6 g3 60. Rg8 f5 0-1

[Event "Charlotte Fall IM-D 2023"]
[Site "Charlotte"]
[Date "2023.11.17"]
[Round "1.3"]
[White "Eckert, Doug"]
[Black "Girsh, Daniel"]
[Result "0-1"]
[ECO "A13"]
[WhiteElo "2120"]
[BlackElo "2221"]
[Annotator "ChessBase"]
[PlyCount "68"]
[EventDate "2023.11.17"]
[EventType "tourn"]
[EventCountry "USA"]
[SourceTitle "playchess.com"]
[Source "ChessBase"]
[SourceQuality "1"]
[TimeControl "5400+30"]

1. c4 e6 2. Nf3 d5 3. g3 Nf6 4. Bg2 d4 5. e3 Nc6 6. exd4 Nxd4 7. Nxd4 Qxd4 8. Qe2 Be7 9. Nc3 O-O 10. O-O c6 11. d3 Rd8 12. Rd1 e5 13. Be3 Qg4 14. h3 Qg6 15. d4 exd4 16. Bxd4 Be6 17. Be3 Re8 18. Rac1 h5 19. Kh1 Bf5 20. Qf1 Bb4 21. Bf4 h4 22. Bd6 Bxd6 23. Rxd6 hxg3 24. fxg3 Rad8 25. Rxd8 Rxd8 26. g4 Bxg4 27. hxg4 Qh6+ 28. Bh3 Nxg4 29. Re1 g6 30. Kg1 Qh4 31. Re4 f5 32. Re2 Ne5 33. Bxf5 Rf8 34. Rxe5 Qd4+ 0-1

[Event "Charlotte Fall IM-D 2023"]
[Site "Charlotte"]
[Date "2023.11.17"]
[Round "1.4"]
[White "Wan, Joseph"]
[Black "Ansh M Shah"]
[Result "1/2-1/2"]
[ECO "B10"]
[WhiteElo "2242"]
[BlackElo "2169"]
[Annotator "ChessBase"]
[PlyCount "50"]
[EventDate "2023.11.17"]
[EventType "tourn"]
[EventCountry "USA"]
[SourceTitle "playchess.com"]
[Source "ChessBase"]
[SourceQuality "1"]
[TimeControl "5400+30"]

1. e4 c6 2. c4 d5 3. cxd5 cxd5 4. exd5 Nf6 5. Qa4+ Nbd7 6. Nc3 g6 7. Bc4 Bg7 8. d3 O-O 9. Nf3 a6 10. Qa3 b6 11. O-O Bb7 12. Re1 b5 13. Bb3 Re8 14. Be3 Bf8 15. Qb4 Nb6 16. Bxb6 Qxb6 17. Qf4 b4 18. Na4 Qd6 19. Qxd6 exd6 20. Nb6 Rxe1+ 21. Rxe1 Rb8 22. Bc4 Ba8 23. Nxa8 Rxa8 24. Nd4 Nd7 25. Nc6 a5 1/2-1/2

[Event "Charlotte Fall IM-D 2023"]
[Site "Charlotte"]
[Date "2023.11.18"]
[Round "2.2"]
[White "Ansh M Shah"]
[Black "Andrianov, Nikolay"]
[Result "1-0"]
[ECO "D13"]
[WhiteElo "2169"]
[BlackElo "1816"]
[Annotator "ChessBase"]
[PlyCount "107"]
[EventDate "2023.11.17"]
[EventType "tourn"]
[EventCountry "USA"]
[SourceTitle "playchess.com"]
[Source "ChessBase"]
[SourceQuality "1"]
[TimeControl "5400+30"]

1. d4 d5 2. c4 c6 3. cxd5 cxd5 4. Nc3 Nf6 5. Bf4 Nc6 6. Nf3 e6 7. e3 Bd6 8. Bg3 Ne4 9. Nxe4 dxe4 10. Nd2 f5 11. Bb5 O-O 12. Bxc6 bxc6 13. Qc2 Bxg3 14. hxg3 Ba6 15. Qxc6 Qc8 16. Rc1 Qxc6 17. Rxc6 Rfc8 18. Rc5 Rxc5 19. dxc5 Rb8 20. Nb3 Bc4 21. Kd2 Bxb3 22. axb3 Rxb3 23. Ra1 Rxb2+ 24. Kc3 Rb7 25. Kc4 Kf8 26. c6 Rb2 27. Kc5 Ke7 28. Rxa7+ Kd8 29. Kd6 Rd2+ 30. Kxe6 Rxf2 31. Rxg7 h5 32. Kd6 Rd2+ 33. Ke5 Re2 34. Kd6 Rd2+ 35. Ke5 Re2 36. Kxf5 Rxe3 37. g4 hxg4 38. Rxg4 Re2 39. Rg7 Kc8 40. c7 e3 41. Kf4 Re1 42. Kf3 e2 43. Kf2 Rc1 44. Kxe2 Rxc7 45. Rxc7+ Kxc7 46. Kf3 Kd7 47. Kg4 Ke8 48. Kg5 Kf7 49. Kh6 Kg8 50. g4 Kh8 51. Kg6 Kg8 52. g5 Kh8 53. Kf7 Kh7 54. g6+ 1-0

[Event "Charlotte Fall IM-D 2023"]
[Site "Charlotte"]
[Date "2023.11.18"]
[Round "2.3"]
[White "Girsh, Daniel"]
[Black "Wan, Joseph"]
[Result "1/2-1/2"]
[ECO "E12"]
[WhiteElo "2221"]
[BlackElo "2242"]
[Annotator "ChessBase"]
[PlyCount "55"]
[EventDate "2023.11.17"]
[EventType "tourn"]
[EventCountry "USA"]
[SourceTitle "playchess.com"]
[Source "ChessBase"]
[SourceQuality "1"]
[TimeControl "5400+30"]

1. d4 e6 2. c4 b6 3. Nc3 Bb7 4. a3 Nf6 5. Nf3 d5 6. cxd5 Nxd5 7. Qc2 Be7 8. e4 Nxc3 9. bxc3 Nd7 10. Bd3 O-O 11. O-O c5 12. Qe2 Qc7 13. Bb2 Rac8 14. Rad1 c4 15. Bb1 Rfe8 16. Bc1 b5 17. Qc2 Nf8 18. Ne5 f6 19. Ng4 Qa5 20. Ne3 Qa6 21. Qb2 Nd7 22. f4 Nb6 23. Rde1 Na4 24. Qc2 Rf8 25. f5 e5 26. Nd5 Bxd5 27. exd5 Bd6 28. Rf3 1/2-1/2

[Event "Charlotte Fall IM-D 2023"]
[Site "Charlotte"]
[Date "2023.11.18"]
[Round "2.4"]
[White "Dukic, Zachary"]
[Black "Eckert, Doug"]
[Result "1-0"]
[ECO "C84"]
[WhiteElo "2233"]
[BlackElo "2120"]
[Annotator "ChessBase"]
[PlyCount "105"]
[EventDate "2023.11.17"]
[EventType "tourn"]
[EventCountry "USA"]
[SourceTitle "playchess.com"]
[Source "ChessBase"]
[SourceQuality "1"]
[TimeControl "5400+30"]

1. e4 e5 2. Nf3 Nc6 3. Bb5 a6 4. Ba4 Nf6 5. O-O Be7 6. d3 b5 7. Bb3 d6 8. a3 Na5 9. Ba2 c5 10. Nc3 Be6 11. Nh4 c4 12. Nf5 Bxf5 13. exf5 d5 14. Bg5 O-O 15. Qe1 h6 16. Bxf6 Bxf6 17. Nxd5 Qxd5 18. Qxa5 Qd4 19. Qb4 cxd3 20. Qxd4 exd4 21. cxd3 Rac8 22. Bd5 Rc5 23. Be4 Rfc8 24. g3 R8c7 25. Kg2 Rc2 26. b4 Bg5 27. a4 Bd2 28. axb5 axb5 29. Rfb1 Be3 30. Ra8+ Kh7 31. f6+ g6 32. Rf1 Rb2 33. Kf3 Bd2 34. h4 Rxb4 35. Rfa1 Ra4 36. R1xa4 bxa4 37. Rxa4 Rd7 38. Ke2 Bc3 39. g4 Bb2 40. f4 Bc1 41. Kf3 Rd6 42. g5 hxg5 43. hxg5 Rd7 44. Bc6 Rc7 45. Bd5 Be3 46. Ra2 Rc1 47. Ra7 Rf1+ 48. Ke2 Rxf4 49. Rxf7+ Kh8 50. Re7 Rf2+ 51. Ke1 Rf5 52. Re8+ Kh7 53. Bg8+ 1-0

[Event "Charlotte Fall IM-D 2023"]
[Site "Charlotte"]
[Date "2023.11.18"]
[Round "2.5"]
[White "Karthik, Advaith"]
[Black "Matta, Nicholas"]
[Result "1/2-1/2"]
[ECO "D11"]
[WhiteElo "2156"]
[BlackElo "2287"]
[Annotator "RC"]
[PlyCount "56"]
[EventDate "2023.11.17"]
[EventType "tourn"]
[EventCountry "USA"]
[SourceTitle "playchess.com"]
[Source "ChessBase"]
[SourceQuality "1"]
[TimeControl "5400+30"]

1. d4 d5 2. Nf3 Nf6 3. g3 Bf5 4. Bg2 e6 5. O-O h6 6. c4 c6 7. Qb3 Qb6 8. c5 Qxb3 9. axb3 Be7 10. Nc3 O-O 11. b4 a6 12. Ne5 Nbd7 13. f4 Rfd8 14. h3 Ne4 15. g4 Bh7 16. Nxd7 Rxd7 17. e3 Re8 18. Nxe4 Bxe4 19. Bd2 Bd3 20. Rfd1 f6 21. Be1 Bh7 22. Bg3 Bd8 23. Bf3 Bc7 24. Kg2 e5 25. f5 Rde7 26. Re1 g6 27. fxg6 Bxg6 28. Rad1 Kg7 1/2-1/2

[Event "Charlotte Fall IM-D 2023"]
[Site "Charlotte"]
[Date "2023.11.18"]
[Round "3.1"]
[White "Matta, Nicholas"]
[Black "Marek, Matyas"]
[Result "1-0"]
[ECO "E01"]
[WhiteElo "2287"]
[BlackElo "2343"]
[Annotator "RC"]
[PlyCount "143"]
[EventDate "2023.11.17"]
[EventType "tourn"]
[EventCountry "USA"]
[SourceTitle "playchess.com"]
[Source "ChessBase"]
[SourceQuality "1"]
[TimeControl "5400+30"]

1. d4 Nf6 2. Nf3 e6 3. c4 c5 4. g3 cxd4 5. Nxd4 d5 6. Bg2 e5 7. Nf3 d4 8. O-O Nc6 9. e3 Be7 10. exd4 exd4 11. Bf4 O-O 12. Re1 Re8 13. Ne5 Qb6 14. Nd2 Be6 15. Qb3 Rac8 16. Ndf3 Bb4 17. Bd2 Nxe5 18. Rxe5 Bc5 19. h3 Nd7 20. Ree1 Qa6 21. Ng5 Bb6 22. Qc2 Nf8 23. Nxe6 Nxe6 24. b3 Red8 25. Qf5 g6 26. Qf6 Re8 27. Bd5 Bd8 28. Qf3 Rc7 29. h4 b5 30. Bf4 Rc5 31. Be5 bxc4 32. Bxd4 Ra5 33. Bxc4 Qd6 34. Bb2 Rf5 35. Qc3 Bf6 36. Qc2 Kg7 37. Rad1 Qb6 38. Bxf6+ Rxf6 39. Qb2 Rd8 40. Rxd8 Nxd8 41. g4 Kf8 42. g5 Qb4 43. Qe5 Re6 44. Bxe6 Nxe6 45. Re4 Qd2 46. Qh8+ Ke7 47. Qf6+ Ke8 48. Rxe6+ fxe6 49. Qxe6+ Kf8 50. Qc8+ Kf7 51. Qb7+ Ke6 52. Qc6+ Kf7 53. Qc4+ Ke7 54. Qc5+ Kd8 55. Qf8+ Kc7 56. Qe7+ Kb8 57. Qe5+ Kb7 58. Qe4+ Kb8 59. Qc4 Qd7 60. a4 Qe7 61. b4 Qe1+ 62. Kg2 Qd1 63. a5 a6 64. Qg8+ Kb7 65. Qxh7+ Kb8 66. Qg8+ Kb7 67. Qf7+ Kb8 68. Qf8+ Kc7 69. Qf7+ Kb8 70. Qf4+ Kc8 71. Qf3 Qd4 72. Qc6+ 1-0

[Event "Charlotte Fall IM-D 2023"]
[Site "Charlotte"]
[Date "2023.11.18"]
[Round "3.2"]
[White "Eckert, Doug"]
[Black "Karthik, Advaith"]
[Result "1-0"]
[ECO "A14"]
[WhiteElo "2120"]
[BlackElo "2156"]
[Annotator "ChessBase"]
[PlyCount "95"]
[EventDate "2023.11.17"]
[EventType "tourn"]
[EventCountry "USA"]
[SourceTitle "playchess.com"]
[Source "ChessBase"]
[SourceQuality "1"]
[TimeControl "5400+30"]

1. c4 Nf6 2. Nf3 e6 3. g3 d5 4. Bg2 Be7 5. O-O O-O 6. b3 d4 7. e3 c5 8. Ne5 Nfd7 9. exd4 cxd4 10. Nd3 Nc6 11. Ba3 a5 12. Re1 Nb4 13. Nxb4 axb4 14. Bb2 Nc5 15. d3 Qb6 16. Qc2 Bf6 17. Nd2 Bd7 18. a4 Bc6 19. Bxc6 Qxc6 20. Ne4 Nxe4 21. Rxe4 Rfd8 22. Rae1 Ra5 23. Qd2 Qb6 24. Qd1 h5 25. h4 g6 26. Bc1 Rf5 27. Bf4 Rc8 28. Be5 Bxe5 29. Rxe5 Rc5 30. Rxf5 Rxf5 31. f4 Qc6 32. Re4 Ra5 33. Qe1 Ra8 34. Kf2 Qd6 35. Re5 b6 36. Rb5 Qc6 37. Qe4 Rc8 38. Qxc6 Rxc6 39. Rxb4 Kf8 40. Rb5 Ke7 41. b4 Kd7 42. a5 bxa5 43. Rxa5 Rb6 44. Ra7+ Kc6 45. b5+ Kc5 46. Rxf7 Kb4 47. Kf3 Kc3 48. Ke4 1-0

[Event "Charlotte Fall IM-D 2023"]
[Site "Charlotte"]
[Date "2023.11.18"]
[Round "3.3"]
[White "Wan, Joseph"]
[Black "Dukic, Zachary"]
[Result "1/2-1/2"]
[ECO "D06"]
[WhiteElo "2242"]
[BlackElo "2233"]
[Annotator "RC"]
[PlyCount "97"]
[EventDate "2023.11.17"]
[EventType "tourn"]
[EventCountry "USA"]
[SourceTitle "playchess.com"]
[Source "ChessBase"]
[SourceQuality "1"]
[TimeControl "5400+30"]

1. d4 Nf6 2. Nf3 d5 3. Bf4 Bf5 4. c4 e6 5. Nc3 dxc4 6. e3 Nd5 7. Bxc4 Nxf4 8. exf4 c6 9. Ne5 Bd6 10. O-O O-O 11. Re1 Nd7 12. Qb3 Nb6 13. Bf1 a5 14. a3 a4 15. Qd1 Bc7 16. g3 Qd6 17. Ne4 Bxe4 18. Rxe4 Rfd8 19. Nf3 Nd7 20. Qc2 Nf6 21. Ree1 Ba5 22. Red1 Bb6 23. Bg2 Ra5 24. Rac1 Qb8 25. b4 axb3 26. Qxb3 Qa7 27. Rb1 Rb5 28. Qa2 Rxb1 29. Qxb1 g6 30. h3 Rd5 31. Rd3 Rb5 32. Rb3 Rxb3 33. Qxb3 Nd5 34. Bf1 Kg7 35. Kg2 Ne7 36. Bd3 Bc7 37. a4 Bb6 38. Qb2 Nd5 39. Bc4 Nf6 40. Bf1 Kg8 41. Bd3 Ba5 42. Qe2 Bc7 43. Bc4 Nd5 44. Bxd5 cxd5 45. Qb5 Qb8 46. h4 Kg7 47. Ng5 h6 48. Nf3 Bd6 49. Ne5 1/2-1/2

[Event "Charlotte Fall IM-D 2023"]
[Site "Charlotte"]
[Date "2023.11.18"]
[Round "3.5"]
[White "Leiva, Gianmarco"]
[Black "Ansh M Shah"]
[Result "1-0"]
[ECO "A48"]
[WhiteElo "2403"]
[BlackElo "2169"]
[Annotator "RC"]
[PlyCount "129"]
[EventDate "2023.11.17"]
[EventType "tourn"]
[EventCountry "USA"]
[SourceTitle "playchess.com"]
[Source "ChessBase"]
[SourceQuality "1"]
[TimeControl "5400+30"]

1. d4 Nf6 2. Nf3 g6 3. Bg5 Bg7 4. c3 O-O 5. Nbd2 c5 6. e3 b6 7. Bd3 Bb7 8. Qe2 d5 9. Ne5 Nfd7 10. Nxd7 Nxd7 11. O-O Bf6 12. Bxf6 exf6 13. Qg4 Qe7 14. Rae1 Rad8 15. Qf4 Rfe8 16. g4 Nf8 17. Bb5 Nd7 18. Qc7 Nb8 19. Qg3 Bc6 20. Bd3 Qd6 21. Kg2 Qxg3+ 22. hxg3 Kg7 23. Rh1 Nd7 24. f4 Re7 25. Kf2 Nf8 26. Be2 Ne6 27. Bf3 Rc7 28. Ra1 a5 29. a4 Rb7 30. Ra2 Nc7 31. Rc1 Na6 32. Be2 Nc7 33. b4 axb4 34. cxb4 c4 35. Bf3 Rd6 36. b5 Be8 37. Nxc4 Rd8 38. Nxb6 Nxb5 39. Nxd5 Ra7 40. Nb4 Nd6 41. a5 f5 42. gxf5 Nxf5 43. Nc6 Bxc6 44. Rxc6 Re8 45. Rc3 h5 46. a6 Re6 47. Be2 Rb6 48. Rac2 Rbxa6 49. Bxa6 Rxa6 50. Kf3 Ra1 51. Rd3 Rg1 52. Rg2 Rf1+ 53. Ke2 Ra1 54. e4 Nh6 55. d5 Kf8 56. d6 Ke8 57. Kf3 Ng4 58. Rc2 Kd7 59. Rc7+ Kd8 60. Rxf7 Ra2 61. e5 Ke8 62. d7+ Kxf7 63. d8=Q Rf2+ 64. Ke4 Re2+ 65. Kd4 1-0

[Event "Charlotte Fall IM-D 2023"]
[Site "Charlotte"]
[Date "2023.11.19"]
[Round "4.1"]
[White "Marek, Matyas"]
[Black "Ansh M Shah"]
[Result "1-0"]
[ECO "B19"]
[WhiteElo "2343"]
[BlackElo "2169"]
[Annotator "RC"]
[PlyCount "85"]
[EventDate "2023.11.17"]
[EventType "tourn"]
[EventCountry "USA"]
[SourceTitle "playchess.com"]
[Source "ChessBase"]
[SourceQuality "1"]
[TimeControl "5400+30"]

1. e4 c6 2. d4 d5 3. Nc3 dxe4 4. Nxe4 Bf5 5. Ng3 Bg6 6. h4 h6 7. Nf3 Nd7 8. h5 Bh7 9. Bd3 Bxd3 10. Qxd3 e6 11. Bf4 Qa5+ 12. Bd2 Bb4 13. Ne4 Ngf6 14. Nd6+ Ke7 15. Nc4 Bxd2+ 16. Nfxd2 Qc7 17. O-O-O b5 18. Ne3 Rhc8 19. g4 Qf4 20. Rh3 c5 21. d5 Qd4 22. Qe2 Kf8 23. dxe6 fxe6 24. Nf3 Qf4 25. Rg1 Ne5 26. g5 hxg5 27. Nxg5 Ke7 28. Nf3 Kf7 29. Nxe5+ Qxe5 30. Rhg3 Rg8 31. Rg5 Qd4 32. Rd1 Qf4 33. Rxc5 a6 34. Rc6 Rgc8 35. Rcd6 Rc7 36. Kb1 Qe4 37. R6d4 Qe5 38. Qf3 Re8 39. h6 g5 40. Qh3 Kg6 41. f4 gxf4 42. Ng2 Qf5 43. Nh4+ 1-0

[Event "Charlotte Fall IM-D 2023"]
[Site "Charlotte"]
[Date "2023.11.19"]
[Round "4.2"]
[White "Girsh, Daniel"]
[Black "Leiva, Gianmarco"]
[Result "0-1"]
[ECO "E49"]
[WhiteElo "2221"]
[BlackElo "2403"]
[Annotator "RC"]
[PlyCount "64"]
[EventDate "2023.11.17"]
[EventType "tourn"]
[EventCountry "USA"]
[SourceTitle "playchess.com"]
[Source "ChessBase"]
[SourceQuality "1"]
[TimeControl "5400+30"]

1. d4 Nf6 2. c4 e6 3. Nc3 Bb4 4. e3 O-O 5. Bd3 d5 6. a3 Bxc3+ 7. bxc3 dxc4 8. Bxc4 c5 9. Ne2 Qc7 10. Bd3 e5 11. O-O Nc6 12. Bb2 Rd8 13. Rc1 Be6 14. f4 e4 15. Bb1 Ng4 16. Bxe4 f5 17. Bxc6 Nxe3 18. Qd3 Nxf1 19. Ba4 c4 20. Qf3 Nd2 21. Qe3 Ne4 22. Ng3 Bd7 23. Nxe4 Bxa4 24. Ng5 Re8 25. Qf3 Bc6 26. Qf2 h6 27. Nh3 Re4 28. Re1 Rxe1+ 29. Qxe1 Re8 30. Qf1 Qf7 31. Bc1 Qd5 32. Bd2 Re6 0-1

[Event "Charlotte Fall IM-D 2023"]
[Site "Charlotte"]
[Date "2023.11.19"]
[Round "4.3"]
[White "Dukic, Zachary"]
[Black "Andrianov, Nikolay"]
[Result "1-0"]
[ECO "C11"]
[WhiteElo "2233"]
[BlackElo "1816"]
[Annotator "RC"]
[PlyCount "115"]
[EventDate "2023.11.17"]
[EventType "tourn"]
[EventCountry "USA"]
[SourceTitle "playchess.com"]
[Source "ChessBase"]
[SourceQuality "1"]
[TimeControl "5400+30"]

1. e4 e6 2. d4 d5 3. Nc3 Nf6 4. e5 Nfd7 5. f4 c5 6. Nf3 Nc6 7. Be3 cxd4 8. Nxd4 Bc5 9. Qd2 Nxd4 10. Bxd4 Bxd4 11. Qxd4 Qb6 12. Nb5 Qxd4 13. Nxd4 Ke7 14. h4 Nc5 15. h5 h6 16. Rh3 Bd7 17. Bd3 Rac8 18. Ke2 a6 19. Rg3 Rhg8 20. Rh1 Bb5 21. Ke3 Bxd3 22. cxd3 Nd7 23. Rf1 f5 24. Rh3 g5 25. hxg6 Rxg6 26. Rfh1 Rxg2 27. Rxh6 Nf8 28. Rh7+ Nxh7 29. Rxh7+ Ke8 30. Rh8+ Kd7 31. Rh7+ Ke8 32. Nxe6 Rxb2 33. Nc7+ Kd8 34. Ne6+ Ke8 35. Nc7+ Kd8 36. Nxd5 Rc6 37. Rf7 a5 38. Rxf5 Rxa2 39. Rf8+ Kd7 40. f5 Ra1 41. Rf7+ Kc8 42. e6 Rxe6+ 43. fxe6 Re1+ 44. Kd4 Rxe6 45. Kc5 Rc6+ 46. Kb5 Rd6 47. Rf5 Kd7 48. d4 Ke6 49. Re5+ Kd7 50. Nb6+ Kc7 51. Rc5+ Kd8 52. d5 Rh6 53. Rc8+ Ke7 54. Kc5 a4 55. d6+ Rxd6 56. Nd5+ Ke6 57. Re8+ Kf7 58. Re7+ 1-0

[Event "Charlotte Fall IM-D 2023"]
[Site "Charlotte"]
[Date "2023.11.18"]
[Round "4.4"]
[White "Karthik, Advaith"]
[Black "Wan, Joseph"]
[Result "1/2-1/2"]
[ECO "D27"]
[WhiteElo "2156"]
[BlackElo "2242"]
[Annotator "RC"]
[PlyCount "23"]
[EventDate "2023.11.17"]
[EventType "tourn"]
[EventCountry "USA"]
[SourceTitle "playchess.com"]
[Source "ChessBase"]
[SourceQuality "1"]
[TimeControl "5400+30"]

1. d4 d5 2. c4 dxc4 3. Nf3 Nf6 4. e3 e6 5. Bxc4 a6 6. O-O b5 7. Be2 Bb7 8. a3 c5 9. dxc5 Qxd1 10. Rxd1 Bxc5 11. b4 Be7 12. Bb2 1/2-1/2

[Event "Charlotte Fall IM-D 2023"]
[Site "Charlotte"]
[Date "2023.11.19"]
[Round "4.5"]
[White "Matta, Nicholas"]
[Black "Eckert, Doug"]
[Result "1-0"]
[ECO "D37"]
[WhiteElo "2287"]
[BlackElo "2120"]
[Annotator "RC"]
[PlyCount "107"]
[EventDate "2023.11.17"]
[EventType "tourn"]
[EventCountry "USA"]
[SourceTitle "playchess.com"]
[Source "ChessBase"]
[SourceQuality "1"]
[TimeControl "5400+30"]

1. d4 Nf6 2. c4 e6 3. Nf3 d5 4. Nc3 Nbd7 5. g3 Bb4 6. Bg2 Ne4 7. Qc2 O-O 8. a3 Bxc3+ 9. bxc3 c6 10. O-O Nd6 11. c5 Nc4 12. e4 b6 13. Ng5 g6 14. cxb6 axb6 15. h4 Ba6 16. Re1 Re8 17. h5 Nf8 18. e5 f6 19. Nh3 f5 20. Bg5 Qc7 21. Qc1 Reb8 22. Bf6 Kf7 23. Qh6 Ke8 24. Ng5 Ra7 25. hxg6 hxg6 26. Bf3 Nd2 27. Kg2 Nxf3 28. Kxf3 c5 29. Qxf8+ Kxf8 30. Nxe6+ Kf7 31. Nxc7 Rxc7 32. Rh1 Ke6 33. Rh6 cxd4 34. cxd4 Rc3+ 35. Kf4 Rd3 36. f3 Rxd4+ 37. Kg5 Rd3 38. Rc1 d4 39. Rc6+ Kd5 40. Rd6+ Kc4 41. e6 Rxf3 42. Rxd4+ Kb3 43. Be5 Re8 44. Kf6 Bc4 45. e7 Re3 46. Rh7 Re4 47. Rd8 Bb5 48. Rxe8 Bxe8 49. Rh8 Ba4 50. e8=Q Bxe8 51. Rxe8 Kxa3 52. Rb8 Rg4 53. Rxb6 Ka4 54. Rd6 1-0

[Event "Charlotte Fall IM-D 2023"]
[Site "Charlotte"]
[Date "2023.11.19"]
[Round "5.2"]
[White "Wan, Joseph"]
[Black "Matta, Nicholas"]
[Result "0-1"]
[ECO "B10"]
[WhiteElo "2242"]
[BlackElo "2287"]
[Annotator "RC"]
[PlyCount "94"]
[EventDate "2023.11.17"]
[EventType "tourn"]
[EventCountry "USA"]
[SourceTitle "playchess.com"]
[Source "ChessBase"]
[SourceQuality "1"]
[TimeControl "5400+30"]

1. e4 c6 2. Nf3 d5 3. d3 dxe4 4. dxe4 Qxd1+ 5. Kxd1 Nf6 6. Nbd2 g6 7. c3 Bh6 8. h3 Nbd7 9. b4 a5 10. Bd3 Bg7 11. Bb2 Nb6 12. Bc2 O-O 13. a3 Rd8 14. Ke2 Be6 15. Rhd1 Nc4 16. Nxc4 Bxc4+ 17. Ke1 Nd7 18. g3 Kf8 19. h4 Ke8 20. Nd2 Nb6 21. f4 e5 22. f5 Bd3 23. Bb3 Bh6 24. fxg6 hxg6 25. c4 a4 26. Ba2 Bc2 27. c5 Bxd1 28. Rxd1 Rxd2 29. Rxd2 Bxd2+ 30. Kxd2 Nd7 31. Ke3 Ke7 32. Bb1 f6 33. Bc2 Nf8 34. Bc3 Ne6 35. Bb2 Nc7 36. Bc1 Ke6 37. Bb2 Nb5 38. Bd1 Nd4 39. h5 gxh5 40. Bxh5 Rg8 41. Kf2 Nb3 42. Be2 Rh8 43. Bc4+ Ke7 44. Kg2 Rd8 45. Bc3 Nd2 46. Bxd2 Rxd2+ 47. Kf3 Rc2 0-1

[Event "Charlotte Fall IM-D 2023"]
[Site "Charlotte"]
[Date "2023.11.19"]
[Round "5.3"]
[White "Andrianov, Nikolay"]
[Black "Karthik, Advaith"]
[Result "0-1"]
[ECO "E05"]
[WhiteElo "1816"]
[BlackElo "2156"]
[Annotator "RC"]
[PlyCount "194"]
[EventDate "2023.11.17"]
[EventType "tourn"]
[EventCountry "USA"]
[SourceTitle "playchess.com"]
[Source "ChessBase"]
[SourceQuality "1"]
[TimeControl "5400+30"]

1. d4 Nf6 2. Nf3 e6 3. g3 d5 4. Bg2 Be7 5. O-O O-O 6. c4 dxc4 7. Qc2 a6 8. a4 Bd7 9. Rd1 Bc6 10. Nc3 a5 11. e4 Na6 12. Ne5 Nb4 13. Qe2 Nd3 14. Nxc4 Nxc1 15. Raxc1 Bb4 16. Ne5 Be8 17. b3 c6 18. Nc4 Qb8 19. e5 Nd5 20. Ne4 Qd8 21. h4 Qe7 22. Bh3 Bd7 23. Ncd6 Rab8 24. Qc2 f5 25. Nc5 Bc8 26. Bg2 Rd8 27. Bxd5 cxd5 28. Nd3 Bxd6 29. exd6 Qxd6 30. Qc6 Qxc6 31. Rxc6 Bd7 32. Rc7 Bc6 33. Nc5 Rdc8 34. Re1 Rd8 35. Re7 Re8 36. R1xe6 Kf8 37. Rc7 b6 38. Rxe8+ Kxe8 39. Ne6 Bd7 40. Nxg7+ Kd8 41. Rc3 b5 42. axb5 Rxb5 43. Nh5 Rb4 44. Nf6 Rxd4 45. Nxh7 Rd1+ 46. Kg2 d4 47. Rc5 Ke7 48. Kf3 Rd3+ 49. Kf4 Rxb3 50. Rxa5 Rb2 51. f3 Bc6 52. Ra3 Bb5 53. Ra1 d3 54. Rd1 Re2 55. Kxf5 Ba4 56. Ra1 d2 57. Ng5 Re1 58. Rxa4 d1=Q 59. Re4+ Rxe4 60. Kxe4 Kf6 61. Kf4 Qc1+ 62. Kg4 Qc8+ 63. Kf4 Qf5+ 64. Ke3 Qe5+ 65. Ne4+ Ke6 66. g4 Qh2 67. h5 Ke5 68. Nf2 Qf4+ 69. Ke2 Qc4+ 70. Ke3 Qd4+ 71. Ke2 Kf4 72. Nd3+ Kg3 73. g5 Qd5 74. f4 Qf3+ 75. Kd2 Qxh5 76. Ke3 Qf3+ 77. Kd4 Qe2 78. f5 Kg4 79. f6 Kxg5 80. f7 Qe7 81. Ne5 Kf5 82. f8=Q+ Qxf8 83. Nd3 Qd6+ 84. Ke3 Qd5 85. Nf2 Qb3+ 86. Nd3 Qc3 87. Ke2 Ke4 88. Nf2+ Kd4 89. Kf1 Qf3 90. Ke1 Kc3 91. Nd1+ Kc2 92. Nf2 Qe3+ 93. Kf1 Kd2 94. Kg2 Ke2 95. Nh1 Qg5+ 96. Ng3+ Ke3 97. Kf1 Kf3 0-1

[Event "Charlotte Fall IM-D 2023"]
[Site "Charlotte"]
[Date "2023.11.19"]
[Round "5.4"]
[White "Leiva, Gianmarco"]
[Black "Dukic, Zachary"]
[Result "1-0"]
[ECO "B20"]
[WhiteElo "2403"]
[BlackElo "2233"]
[Annotator "RC"]
[PlyCount "129"]
[EventDate "2023.11.17"]
[EventType "tourn"]
[EventCountry "USA"]
[SourceTitle "playchess.com"]
[Source "ChessBase"]
[SourceQuality "1"]
[TimeControl "5400+30"]

1. Nf3 c5 2. b3 d6 3. Bb2 e5 4. e4 Nf6 5. Bb5+ Nbd7 6. Nc3 g6 7. a4 Bg7 8. a5 a6 9. Bxd7+ Bxd7 10. d3 O-O 11. Nd2 Bg4 12. f3 Be6 13. Nc4 Nh5 14. Qd2 f5 15. Nd5 Bxd5 16. exd5 Qh4+ 17. Qf2 Qe7 18. O-O Rad8 19. g3 Qf7 20. Nb6 e4 21. Bxg7 Qxg7 22. dxe4 fxe4 23. f4 g5 24. f5 Nf6 25. Rad1 Rfe8 26. Nc4 h5 27. Ne3 Re5 28. Qe2 g4 29. Rd2 Nh7 30. Nc4 Ree8 31. Qe3 Qf6 32. Kg2 Ng5 33. Rf4 Rd7 34. Rd1 Rf7 35. Kh1 Ref8 36. Rdf1 Re7 37. h4 gxh3 38. Rh4 Rh7 39. Nxd6 Qxd6 40. Qxg5+ Rg7 41. Qe3 Qxg3 42. Qxg3 Rxg3 43. Rxe4 Rg5 44. Re7 Rfxf5 45. Rxf5 Rxf5 46. c4 Kf8 47. Rxb7 Rf3 48. Kh2 Rc3 49. Rc7 Rxb3 50. Rxc5 Ra3 51. Rc7 Rxa5 52. Kxh3 Ke8 53. Kh4 Kd8 54. Rc6 Ra1 55. c5 Kd7 56. Rh6 Rd1 57. Rh7+ Kc8 58. d6 Rd4+ 59. Kg5 Rd5+ 60. Kf6 Rxc5 61. Ke6 Rc6 62. Ke7 Kb7 63. d7 Rc7 64. Ke8 Rxd7 65. Kxd7 1-0